 Dungeon Crawl Stone Soup version 0.23.1 (webtiles) character file.

Game seed: 13135855496888478363

266 Lauz the Poker (level 6, 0/73 HPs)
             Began as a Merfolk Berserker on Mar 16, 2019.
             Was a Believer of Trog.
             Slain by a gnoll (7 damage)
             ... on level 3 of the Dungeon.
             The game lasted 00:08:58 (3468 turns).

Lauz the Poker (Merfolk Berserker)                  Turns: 3468, Time: 00:08:58

Health: 0/73       AC:  3    Str: 24    XL:     6   Next: 20%
Magic:  6/6        EV: 14    Int:  6    God:    Trog [**....]
Gold:   107        SH:  2    Dex: 14    Spells: 5/5 levels left

rFire    . . .     SeeInvis .   a - +0 spear
rCold    . . .     Gourm    .   (no shield)
rNeg     . . .     Faith    .   n - +0 leather armour
rPois    .         Spirit   .   (no helmet)
rElec    .         Reflect  +   (no cloak)
rCorr    .         Harm     .   (no gloves)
MR       .....     Rnd*Tele +   (no boots)
Stlth    ..........             f - +2 amulet of reflection
HPRegen  0.22/turn              d - ring of teleportation (curse)
MPRegen  0.10/turn              (no ring)

@: berserking, very quick
A: change form in water, swift swim, stealthy swim
a: Berserk, Trog's Hand, Renounce Religion


You were on level 3 of the Dungeon.
You worshipped Trog.
Trog was pleased with you.
You were not hungry.

You visited 1 branch of the dungeon, and saw 4 of its levels.

You collected 107 gold pieces.

Inventory:

Hand Weapons
 a - a +0 spear (weapon)
Armour
 b - a +0 animal skin
 n - a +0 leather armour (worn)
Jewellery
 d - a cursed ring of teleportation (left hand)
 f - a +2 amulet of reflection (around neck)
 g - an uncursed ring of protection from cold {unknown}
Scrolls
 h - a scroll of identify {unknown}
 j - a scroll of blinking {unknown}
 m - a scroll of noise {unknown}
 p - a scroll of enchant armour {unknown}
 q - a scroll of teleportation {unknown}
Potions
 e - 2 potions of berserk rage {unknown}
 i - 2 potions of resistance {unknown}
 k - a potion of brilliance {unknown}
 l - a potion of heal wounds {unknown}
 o - a potion of curing {unknown}
 r - a potion of lignification {unknown}
Comestibles
 c - 8 rations


   Skills:
 + Level 4.3 Fighting
 * Level 7.3 Polearms
 - Level 1.3 Armour
 * Level 5.1 Dodging
 + Level 1.1 Stealth


You had 5 spell levels left.
You didn't know any spells.
Your spell library was empty.

Dungeon Overview and Level Annotations

Branches:
Dungeon (4/15)
 Temple: D:4-7

Altars:


Message History

The gnoll shaman barely misses you.
A red film seems to cover your vision as you go berserk!
You feel yourself moving faster!
You feel mighty!
You feel a lot more hungry. The gnoll hits you.
* * * LOW HITPOINT WARNING * * *
The gnoll misses you.
The gnoll shaman calls upon its god to speed up the gnoll.
The gnoll seems to speed up.
You puncture the gnoll!
The gnoll is severely wounded.
The gnoll closely misses you.
You barely miss the gnoll.
The gnoll is severely wounded.
The gnoll shaman closely misses you. The gnoll barely misses you.
You puncture the gnoll!
You kill the gnoll!
Trog accepts your kill. You block the gnoll's attack.
You barely miss the gnoll. The gnoll hits you!
You die...

......######...#.#...............
#.#........#...#.##############.#
...........#.#.#.#.......# #.#
#.#.##.........#.#.##..#.# #.#
#.#.##.#####.#...#.##..#.######.#
#.#.##.# #.##..#.##...........#
#.#.##.#####.##..#.##..##########
..#.##.#.....##.)#.##.......#
..#.##.#.#######@#.##.#####<#
..#.##.#.##.....gg.##.#...#.#
..#.##.#.##.#########.##....#
..#.##.#.....# #...#.###.###
.##.##.####..####.#.#.###.#
....##............#.#.#...#
###################.#.#.###
....................[.#<#
##..###############.#############


You could see a gnoll shaman and a gnoll.

Vanquished Creatures
  A hound (D:3)
  Natasha (thrice) (D:2)
  A worker ant (D:3)
  2 gnolls
  5 adders
  2 oozes
  2 worms (D:2)
  4 dart slugs
  A leopard gecko (D:1)
  A ball python (D:1)
  2 giant cockroaches
  5 goblins
  6 hobgoblins
  8 jackals
  3 bats
  4 frilled lizards
  4 kobolds
  6 rats
60 creatures vanquished.

Notes
Turn   | Place    | Note
-------+----------+-------------------------------------------
     0 | D:1      | Lauz the Merfolk Berserker began the quest for the Orb.
     0 | D:1      | Reached XP level 1. HP: 18/18 MP: 1/1
   112 | D:1      | Reached XP level 2. HP: 21/24 MP: 2/2
   148 | D:1      | Reached skill level 5 in Polearms
   376 | D:1      | Reached XP level 3. HP: 18/29 MP: 3/3
   556 | D:1      | Reached ** piety under Trog
  1063 | D:2      | Reached XP level 4. HP: 31/37 MP: 4/4
  1329 | D:2      | Noticed Natasha
  1347 | D:2      | Killed Natasha
  1347 | D:2      | Reached skill level 6 in Polearms
  1724 | D:2      | Reached XP level 5. HP: 35/42 MP: 5/5
  2115 | D:2      | Noticed Natasha
  2129 | D:2      | Killed Natasha
  2309 | D:2      | Noticed Natasha
  2315 | D:2      | Killed Natasha
  2811 | D:3      | Reached skill level 5 in Dodging
  2811 | D:3      | Reached skill level 1 in Stealth
  3140 | D:3      | Reached skill level 7 in Polearms
  3140 | D:3      | Reached XP level 6. HP: 48/48 MP: 6/6
  3468 | D:3      | Slain by a gnoll

Skill      XL: |  1  2  3  4  5 |
---------------+----------------+-----
Polearms       | 5 6 7 |  7.3
Dodging        | 3 4 5 |  5.1
Fighting       | 4 |  4.3
Stealth        | 1 |  1.1
Armour         | |  1.3

Action                   |  1- 3 |  4- 6 || total
-------------------------+-------+-------++-------
Melee: Spear             |   112 |   178 ||   290
Invok: Berserk           |     1 |     2 ||     3
 Stab: Sleeping          |     2 |     4 ||     6
  Eat: Chunk             |     1 |     7 ||     8
       Ration            |       |     1 ||     1
Armor: Animal skin       |    10 |    14 ||    24
       Leather armour    |       |    10 ||    10
Dodge: Dodged            |    53 |   106 ||   159
Block: Other             |       |    12 ||    12
